 Dungeon Crawl Stone Soup version 0.28.0-45-g0d030f2227 (webtiles) character file.

Game seed: 6924957290674271782

12147 McKennaii the Fighter (level 11, -5/104 HPs)
             Began as a Demigod Fighter on Apr 18, 2022.
             Succumbed to a cane toad's poison
             ... on level 1 of the Lair of Beasts.
             The game lasted 00:17:40 (14417 turns).

McKennaii the Fighter (Demigod Fighter)            Turns: 14417, Time: 00:17:41

Health: -5/104     AC: 21    Str: 25    XL:     11   Next: 33%
Magic:  3/14       EV:  9    Int: 14    God:
Gold:   571        SH:  6    Dex: 19    Spells: 10/10 levels left

rFire   . . .      SeeInvis .   C - +3 trident
rCold   + . .      Faith    .   c - +0 buckler
rNeg    + + .      Spirit   +   T - +1 scale mail "Mygudwum" {rC+ rN++}
rPois   .          Reflect  .   y - +0 helmet
rElec   .          Harm     .   (no cloak)
rCorr   .          Rampage  .   M - +2 pair of gloves
Will    ++...                   (no boots)
Stlth   ..........              H - amulet of guardian spirit
HPRegen 0.27/turn               k - +6 ring of dexterity
MPRegen 0.14/turn               x - +4 ring of protection

@: lethally poisoned (-5 -> -28)
A: high MP 1, forlorn, divine attributes, iridescent scales 1, strong-willed 1,
wild magic 1
a: no special abilities


You were on level 1 of the Lair of Beasts.
You visited 2 branches of the dungeon, and saw 12 of its levels.

You collected 718 gold pieces.
You spent 147 gold pieces at shops.

Inventory:

Hand Weapons
 l - the +4 short sword of Diegionko {spect, rPois rN++}
   (You took it off a hobgoblin on level 2 of the Dungeon)

   When its wielder attacks, the weapon's spirit leaps out and strikes again.
   The spirit shares a part of any damage it takes with its wielder.
   rPois:     It protects you from poison.
   rN:        It greatly protects you from negative energy.
 C - a +3 trident (weapon)
Armour
 c - a +0 buckler (worn)
 y - a +0 helmet (worn)
 M - a +2 pair of gloves (worn)
 T - the +1 scale mail "Mygudwum" (worn) {rC+ rN++}
   (You found it on level 1 of the Lair of Beasts)

   rC:        It protects you from cold.
   rN:        It greatly protects you from negative energy.
Magical Staves
 U - a staff of conjuration
Jewellery
 k - a +6 ring of dexterity (left hand)
 x - a +4 ring of protection (right hand)
 z - a ring of ice
 D - a ring of protection from fire
 H - an amulet of guardian spirit (around neck)
 J - a ring of willpower
 N - a +6 ring of intelligence
Wands
 p - a wand of mindburst (9)
 w - a wand of flame (37)
 A - a wand of polymorph (8)
 B - a wand of iceblast (27)
 P - a wand of acid (5)
Scrolls
 a - 2 scrolls of magic mapping {unknown}
 b - 3 scrolls of enchant armour {unknown}
 e - 12 scrolls of identify {unknown}
 f - 4 scrolls of amnesia {unknown}
 h - a scroll of summoning {unknown}
 i - 3 scrolls of enchant weapon {unknown}
 j - 2 scrolls of fear {unknown}
 m - a scroll of immolation {unknown}
 q - 6 scrolls of vulnerability {unknown}
 r - 2 scrolls of noise {unknown}
 s - 7 scrolls of teleportation
 t - 2 scrolls of blinking
 F - 3 scrolls of brand weapon {unknown}
 G - 2 scrolls of fog {unknown}
 K - a scroll of holy word {unknown}
 O - a scroll of silence {unknown}
Potions
 d - a potion of might
 g - 2 potions of resistance {unknown}
 n - 2 potions of curing {unknown}
 o - 3 potions of lignification {unknown}
 u - a potion of flight {unknown}
 v - a potion of brilliance {unknown}
 E - a potion of magic {unknown}
 I - 2 potions of mutation
 L - 2 potions of haste
 Q - a potion of berserk rage {unknown}
 R - a potion of attraction {unknown}
 S - a potion of heal wounds {unknown}


   Skills:
 + Level 11.7 Fighting
 + Level 4.1 Polearms
 - Level 11.2 Armour
 - Level 6.2 Shields


You had 10 spell levels left.
You didn't know any spells.
Your spell library contained the following spells:

 Spells                   Type           Power      Damage    Failure   Level
 Blink                    Tloc           0%         N/A       80%         2
 Static Discharge         Conj/Air       0%         N/A       80%         2
 Lesser Beckoning         Tloc           0%         N/A       95%         3
 Animate Dead             Necr           0%         N/A       100%        4
 Dispel Undead            Necr           0%         3d6       100%        4
 Sticky Flame             Conj/Fire      0%         2d3       100%        4
 Manifold Assault         Tloc           0%         N/A       100%        5
 Haunt                    Necr/Summ      0%         N/A       100%        7
 Infestation              Necr           0%         N/A       100%        8


Dungeon Overview and Level Annotations

Branches:
Dungeon (10/15)            Temple (0/1) D:7            Lair (2/6) D:8
  Swamp: Lair:2-4    Shoals: Lair:2-4     Snake: Lair:2-4    Spider: Lair:2-4
    Orc: D:9-12

Shops:
D:3 (?   D:8 :

Annotations:
D:8 1 runed translucent door, kitty14015's ghost, novice DrFi


Innate Abilities, Weirdness & Mutations

You have an increased reservoir of magic. (+10% MP)
You shall have no god before yourself.
Your divine heritage dramatically boosts your attributes as you level up.
You are partially covered in iridescent scales. (AC +2)
You are strong-willed. (Will+)
Your spells are a little harder to cast, but a little more powerful.


Message History

* * * LOW HITPOINT WARNING * * *
Unknown command.
Unknown command.
You puncture the catoblepas!
The catoblepas is almost dead.
The catoblepas gores you but does no damage.
The catoblepas barely misses you.
Unknown command.
You puncture the catoblepas!
You kill the catoblepas!
The cane toad is no longer petrified.
You block the cane toad's attack.
Your Polearms skill increases to level 4!
Unknown command.
Found a scroll labelled XOTOSCH DEUM.
The cane toad stings you but does no damage.
You block the cane toad's attack.
The cane toad stings you but does no damage.
You block the cane toad's attack.
You see here a water moccasin corpse.
The cane toad closely misses you. The cane toad barely misses you.
You block the cane toad's attack. The cane toad stings you!
* * * LOW HITPOINT WARNING * * *
You are lethally poisoned!
The cane toad poisons you!
* * * LOW HITPOINT WARNING * * *
You feel very sick.
* * * LOW HITPOINT WARNING * * *
You feel very sick.
* * * LOW HITPOINT WARNING * * *
You feel very sick.
There is a stone staircase leading up here.
* * * LOW HITPOINT WARNING * * *
You feel sick. The cane toad stings you.
* * * LOW HITPOINT WARNING * * *
You are more poisoned.
The cane toad poisons you!
You climb upwards.
You die...

......#..## ######..#
......#..# #..'..'.#
......#..# #...###.#
......P..# ##.###..#
.........# #P.# ##.##
.#)###...## ##.####..#
..........####'.##..##
....................#
................@F..#
####................#
.##.#.....#######P..#
..........########..#
...##.....##....##..#
...#P.....##....'...#
...##......+....#...#
...##.....##.....#..#
....#.....##....##..#


You could see a cane toad.

Vanquished Creatures
  A catoblepas (Lair:2)
  A centaur zombie (D:10)
  3 cane toads
  2 komodo dragons
  Maggie (D:8)
  A troll (D:10)
  Prince Ribbit (D:6)
  5 blink frogs
  A shadow (D:9)
  11 yaks
  Grum (D:10)
  A basilisk (Lair:1)
  10 vampire mosquitoes
  2 acid dragons (D:9)
  5 water moccasins
  An orc warrior (D:8)
  3 black bears
  A hornet zombie (D:7)
  2 sky beasts (D:6)
  A centaur (D:10)
  10 wolves
  2 ogres
  2 kobold brigands
  6 bullfrogs
  2 gnoll sergeants
  4 scorpions
  A water moccasin skeleton (D:6)
  8 killer bees
  4 howler monkeys
  A bullfrog zombie (D:5)
  2 jellies
  4 orc priests
  3 hounds
  3 iguanas
  Ijyb (D:4)
  5 orc wizards
  7 hell rats
  2 killer bee zombies
  A hound zombie (D:5)
  A howler monkey skeleton (D:7)
  11 gnolls
  5 adders
  An ufetubus (D:5)
  2 adder skeletons (D:4)
  2 worms
  3 dart slugs
  24 orcs
  7 endoplasms
  4 giant cockroaches
  8 goblins
  6 hobgoblins
  5 quokkas
  14 ball pythons
  6 bats
  3 frilled lizards
  13 kobolds
  5 rats
242 creatures vanquished.

Vanquished Creatures (others)
  A fungus (Lair:1)
  2 plants (Lair:1)
3 creatures vanquished.

Grand Total: 245 creatures vanquished

Notes
Turn   | Place    | Note
-------+----------+-------------------------------------------
     0 | D:1      | McKennaii the Demigod Fighter began the quest for the Orb.
     0 | D:1      | Reached XP level 1. HP: 18/18 MP: 3/3
   192 | D:1      | Reached XP level 2. HP: 25/25 MP: 4/4
  1277 | D:2      | Reached XP level 3. HP: 31/31 MP: 5/5
  1392 | D:2      | Identified the +4 short sword of Diegionko {spect, rPois
                  | rN++}
  1792 | D:2      | Noticed a scorpion
  1795 | D:2      | Killed a scorpion
  1796 | D:2      | Reached XP level 4. HP: 38/38 MP: 6/6
  2136 | D:3      | Reached XP level 5. HP: 41/46 MP: 7/7
  2195 | D:3      | Found Qusuykha's Magic Scroll Shop.
  2204 | D:3      | Bought a scroll of teleportation for 42 gold pieces
  2204 | D:3      | Bought a scroll of blinking for 105 gold pieces
  2246 | D:3      | Found Tifab's Weapon Emporium.
  2646 | D:4      | Reached XP level 6. HP: 45/52 MP: 8/8
  2886 | D:4      | Noticed Ijyb
  3146 | D:4      | Killed Ijyb
  3254 | D:5      | Entered Level 5 of the Dungeon
  3726 | D:5      | Reached XP level 7. HP: 32/60 MP: 9/9
  4359 | D:6      | Reached skill level 5 in Fighting
  4393 | D:6      | Reached skill level 5 in Armour
  4393 | D:6      | Reached skill level 5 in Shields
  4727 | D:6      | Noticed Prince Ribbit
  4741 | D:6      | Killed Prince Ribbit
  4742 | D:6      | Reached XP level 8. HP: 70/70 MP: 10/10
  6595 | D:7      | Found a staircase to the Ecumenical Temple.
  6601 | D:7      | Reached XP level 9. HP: 68/79 MP: 11/11
  7828 | D:8      | Found a runed translucent door.
  7828 | D:8      | Noticed a +1 mace of chaos
  7828 | D:8      | Noticed kitty14015's ghost (novice DrFi)
  7918 | D:8      | Found a staircase to the Lair.
  7953 | D:8      | Noticed Maggie
  7993 | D:8      | Killed Maggie
  8283 | D:8      | Found Ruduneer's Book Shoppe.
  9823 | D:10     | Entered Level 10 of the Dungeon
  9828 | D:10     | Noticed Grum
  9832 | D:10     | Reached XP level 10. HP: 91/91 MP: 13/13
  9850 | D:10     | Killed Grum
 10313 | D:10     | Reached skill level 10 in Fighting
 10313 | D:10     | Reached skill level 10 in Armour
 11036 | Lair:1   | Entered Level 1 of the Lair of Beasts
 12497 | Lair:1   | Reached XP level 11. HP: 88/102 MP: 14/14
 12652 | Lair:1   | Gained mutation: You are partially covered in iridescent
                  | scales. (AC +2) [potion of mutation]
 12652 | Lair:1   | Gained mutation: Your spells are a little harder to cast,
                  | but a little more powerful. [potion of mutation]
 12652 | Lair:1   | Gained mutation: You are strong-willed. (Will+) [potion of
                  | mutation]
 13336 | Lair:1   | Identified the +1 scale mail "Mygudwum" {rC+ rN++}
 14349 | Lair:2   | Noticed a catoblepas
 14385 | Lair:2   | Killed a catoblepas
 14415 | Lair:2   | HP: 5/104 [poisoned by a cane toad]
 14416 | Lair:2   | HP: 2/104 [cane toad (1)]
 14417 | Lair:1   | Succumbed to a cane toad's poison

Illustrated notes

Levels and vault maps discovered:
D:1:      wander_arrival_lonely_grave, layout_loops_ring,
          hellmonk_ecumenical_altar_leap_of_faith, minmay_misc_feat_iff
D:2:      minmay_alternating_diamond, layout_loops_ring, basic_altar,
          chequers_serial_rivers_micro_d,
          nicolae_concentric_dashed_squares_mild, st_stairs_2,
          hangedman_decor_points, small_statue_intersection
D:3:      layout_basic, nicolae_ru_sacrificial_ziggurat, serial_shops,
          nicolae_shop_bloodbath_and_beyond, nicolae_shop_advertising_works
          [nicolae_subvault_shop_adworks], hex_medium
D:4:      layout_cave_pools, uniq_ijyb
D:5:      layout_loops_cross, kennysheep_nub
D:6:      layout_loops_ring, uniq_prince_ribbit1
D:7:      layout_basic, temple_pool_b, grunt_ogre_cave
D:8:      layout_loops_cross, lair_entry_dummy, ebering_ghost_xom, serial_shops,
          shop, uniq_maggie
D:9:      layout_loops_ring
D:10:     layout_loops_ring, uniq_grum
Lair:1:   layout_regular_city, grunt_forest_stairs_basic
Lair:2:   layout_big_grid, minmay_shoals_entry_lonely_mermaid, uniq_erica

Skill      XL: |  1  2  3  4  5  6  7  8  9 10 11 |
---------------+----------------------------------+-----
Polearms       | 2 4 |  4.1
Fighting       | 3 4 5 7 9 11 | 11.7
Shields        | 3 4 5 6 |  6.2
Armour         | 3 4 5 7 9 11 | 11.2

Action                   |  1- 3 |  4- 6 |  7- 9 | 10-12 || total
-------------------------+-------+-------+-------+-------++-------
Melee: Trident           |   125 |       |       |   115 ||   240
       Short sword       |    15 |    95 |   424 |   263 ||   797
       Unarmed           |       |    15 |       |       ||    15
  Use: Potion            |       |       |       |     2 ||     2
 Stab: Distracted        |       |       |     2 |     3 ||     5
Armor: Scale mail        |    47 |    37 |   104 |    62 ||   250
       Chain mail        |       |       |   141 |   220 ||   361
Dodge: Dodged            |    40 |    29 |   203 |   177 ||   449
Block: Buckler           |    23 |    15 |   155 |   169 ||   362
